 Dungeon Crawl Stone Soup version 0.29.0-4-gdea44cf6ec (webtiles) character file.

Game seed: 17120652832827994819

419 qw the Chopper (level 6, 0/36 HPs)
             Began as a Tengu Warper on Aug 28, 2022.
             Slain by a gnoll
             ... wielding a +0 flail
             ... led by a gnoll sergeant
              (7 damage)
             ... on level 5 of the Dungeon.
             The game lasted 00:00:24 (3814 turns).

qw the Chopper (Tengu Warper)                       Turns: 3814, Time: 00:00:24

Health: 0/36       AC:  6    Str: 13    XL:     6   Next: 93%
Magic:  10/10      EV: 15    Int: 18    God:
Gold:   136        SH:  0    Dex: 16    Spells: 9/9 levels left

rFire   . . .      SeeInvis .   Y - +1 hand axe
rCold   . . .      Faith    .   (no shield)
rNeg    . . .      Spirit   .   a - +3 leather armour of Kysisef {rPois Int+4 Dex+3}
rPois   +          Reflect  .   (helmet restricted)
rElec   .          Harm     .   (no cloak)
rCorr   .          Rampage  .   (no gloves)
Will    .....                   (boots unavailable)
Stlth   +.........              d - amulet of regeneration
HPRegen 0.92/turn               (no ring)
MPRegen 0.12/turn               (no ring)

@: flying quickly and evasively, quick
A: beak, talons 3, nimble flight
a: no special abilities


You were on level 5 of the Dungeon.
You visited 1 branch of the dungeon, and saw 5 of its levels.

You collected 136 gold pieces.


Innate Abilities, Weirdness & Mutations

You have a beak for a mouth.
You have claws for feet.
Your magical nature lets you fly swiftly and evasively.


   Skills:
 + Level 2.5 Fighting
 - Level 7.0 Axes
 - Level 1.0 Throwing
 - Level 1.1 Armour
 - Level 3.6 Dodging
 - Level 2.0 Spellcasting
 - Level 2.4 Translocations


You had 9 spell levels left.
You didn't know any spells.
Your spell library contained the following spells:

 Spells                   Type           Power      Damage    Failure   Level
 Blink                    Tloc           20%        N/A       13%         2
 Gell's Gravitas          Tloc           10%        N/A       26%         3
 Lesser Beckoning         Tloc           10%        N/A       26%         3
 Teleport Other           Tloc           10%        N/A       26%         3
 Manifold Assault         Tloc           10%        N/A       94%         5

Inventory:

Hand Weapons
 e - a +0 whip
 Y - a +1 hand axe (weapon)
Missiles
 k - a boomerang (quivered)
Armour
 a - the +3 leather armour of Kysisef (worn) {rPois Int+4 Dex+3}
   (You found it on level 4 of the Dungeon)

   Int:       It affects your intelligence (+4).
   Dex:       It affects your dexterity (+3).
   rPois:     It protects you from poison.
 j - a +0 scale mail
Jewellery
 d - an amulet of regeneration (around neck)
Scrolls
 b - a scroll of identify
Potions
 c - a potion of attraction {unknown}
 f - a potion of curing
 g - a potion of brilliance {unknown}
 h - a potion of cancellation {unknown}
 i - a potion of berserk rage {unknown}
 l - a potion of haste {unknown}

Dungeon Overview and Level Annotations

Branches:
Dungeon (5/15)             Temple (0/1) D:5

Altars:
Uskayaw

Annotations:
D:5 Pikel


Message History

You hit the gnoll sergeant.
You claw the gnoll sergeant, but do no damage.
You peck the gnoll sergeant, but do no damage.
The gnoll sergeant is lightly wounded.
You closely miss the gnoll.
The gnoll sergeant completely misses you.
The gnoll barely misses you. The gnoll hits you but does no damage.
You closely miss the gnoll sergeant. You claw the gnoll sergeant.
The gnoll sergeant is moderately wounded.
You completely miss the gnoll.
The gnoll sergeant hits you with a +0 spear!
The gnoll closely misses you. The gnoll misses you.
You barely miss the gnoll sergeant.
The gnoll sergeant is lightly wounded.
You hit the gnoll.
The gnoll sergeant hits you with a +0 spear.
The gnoll completely misses you. The gnoll misses you.
You hit the gnoll sergeant but do no damage.
The gnoll sergeant is lightly wounded.
You barely miss the gnoll.
The gnoll hits you from afar with a +0 spear.
The gnoll sergeant closely misses you. The gnoll closely misses you.
You completely miss the gnoll sergeant. You peck the gnoll sergeant.
The gnoll sergeant is moderately wounded.
You hit the gnoll but do no damage.
The gnoll sergeant completely misses you.
The gnoll hits you with a +0 flail. The gnoll barely misses you.
You hit the gnoll sergeant.
You claw the gnoll sergeant, but do no damage.
You peck the gnoll sergeant, but do no damage.
The gnoll sergeant is moderately wounded.
You completely miss the gnoll.
The gnoll sergeant hits you with a +0 spear!
The gnoll hits you with a +0 flail. The gnoll closely misses you.
You barely miss the gnoll sergeant.
You peck the gnoll sergeant, but do no damage.
The gnoll sergeant is moderately wounded.
You hit the gnoll but do no damage. The gnoll sergeant closely misses you.
The gnoll hits you with a +0 flail!
You die...

#######.##
.........#
#########..#
...........#
#########.##
#######.#######
...............
#######.######.
#@# .....lgg#
######sg# #..#
#..# #... $.).
.>..


You could see a gnoll sergeant, a scorpion, an iguana and 2 gnolls.

Vanquished Creatures
  An ogre (D:5)
  3 lemures (D:5)
  A scorpion (D:4)
  A necrophage (D:5)
  A jelly (D:5)
  3 iguanas
  A gnoll (D:5)
  3 adders
  3 ufetubi
  3 worms
  An orc (D:3)
  8 endoplasms
  3 giant cockroaches (D:2)
  8 goblins
  6 hobgoblins
  2 quokkas
  4 ball pythons
  6 bats
  4 frilled lizards
  2 kobolds (D:1)
64 creatures vanquished.

Notes
Turn   | Place    | Note
-------+----------+-------------------------------------------
     0 | D:1      | qw the Tengu Warper began the quest for the Orb.
     0 | D:1      | Reached XP level 1. HP: 12/12 MP: 4/4
     0 | D:1      | 0 ||| qw: Version: 0.1-a-89-g26bdef1
     0 | D:1      | 0 ||| qw: Game counter: 2201
     0 | D:1      | 0 ||| qw: Always use a shield: true
     0 | D:1      | 0 ||| qw: God list: Okawaru
     0 | D:1      | 0 ||| qw: Allow faded altars: false
     0 | D:1      | 0 ||| qw: Do Orc after D:15 true
     0 | D:1      | 0 ||| qw: Do second Lair branch before Depths: true
     0 | D:1      | 0 ||| qw: Lair rune preference: random
     0 | D:1      | 0 ||| qw: Plans: Normal
     0 | D:1      | 0 ||| PLANNING D:1-11
   262 | D:1      | Reached XP level 2. HP: 17/17 MP: 6/6
   265 | D:1      | Reached skill level 3 in Axes
   276 | D:1      | 276 ||| Stepping ~*~*~tactically~*~*~ (stealth).
   277 | D:1      | 277 ||| Stepping ~*~*~tactically~*~*~ (stealth).
   693 | D:1      | Found a faded altar of an unknown god.
   722 | D:1      | 722 ||| UPGRADING to +0 scale mail.
   732 | D:1      | 732 ||| DROPPING +0 leather armour.
   733 | D:1      | 733 ||| READING scroll labelled KOIWONO OQENY.
   734 | D:1      | 734 ||| READING scroll labelled ESORYO UBROACS.
   735 | D:1      | 735 ||| READING scroll labelled ONLYUP WARPHADI.
   736 | D:1      | 736 ||| READING scroll labelled ZORPHO MORUS.
   737 | D:1      | 737 ||| DROPPING scroll of blinking.
   803 | D:2      | 803 ||| Stepping ~*~*~tactically~*~*~ (stealth).
   804 | D:2      | 804 ||| Stepping ~*~*~tactically~*~*~ (stealth).
   805 | D:2      | 805 ||| Stepping ~*~*~tactically~*~*~ (stealth).
   820 | D:2      | Reached XP level 3. HP: 18/21 MP: 7/7
  1013 | D:2      | Reached skill level 4 in Axes
  1327 | D:2      | Identified the +0 ring mail of a bazaar {rPois Stlth+}
  1545 | D:2      | 1545 ||| UPGRADING to +0 ring mail of a bazaar {rPois
                  | Stlth+}.
  1902 | D:3      | Reached XP level 4. HP: 26/26 MP: 8/8
  1980 | D:3      | 1980 ||| DROPPING +0 club.
  2485 | D:3      | 2485 ||| UPGRADING to amulet of regeneration.
  2490 | D:3      | 2490 ||| DRINKING 2 pink potions.
  2532 | D:3      | 2532 ||| DRINKING 2 blue potions.
  2533 | D:3      | 2533 ||| DROPPING potion of lignification.
  2638 | D:3      | 2638 ||| Stepping randomly (stuck).
  2728 | D:4      | Noticed a scorpion
  2750 | D:4      | Killed a scorpion
  2751 | D:4      | Reached skill level 5 in Axes
  2751 | D:4      | Gained mutation: Your magical nature lets you fly swiftly
                  | and evasively. [Tengu growth]
  2751 | D:4      | Reached XP level 5. HP: 18/30 MP: 9/9
  2790 | D:4      | Reached skill level 6 in Axes
  2796 | D:4      | Identified the +3 leather armour of Kysisef {rPois Int+4
                  | Dex+3}
  3216 | D:4      | 3216 ||| Stepping ~*~*~tactically~*~*~ (stealth).
  3332 | D:4      | 3332 ||| UPGRADING to +3 leather armour of Kysisef {rPois
                  | Int+4 Dex+3}.
  3342 | D:4      | 3342 ||| DROPPING +0 ring mail of a bazaar {rPois Stlth+}.
  3343 | D:4      | 3343 ||| READING scroll labelled NACHYI AVOISCH.
  3344 | D:4      | 3344 ||| READING scroll labelled GOSACL VUNKO.
  3345 | D:4      | 3345 ||| DRINKING 2 smoky cyan potions.
  3346 | D:4      | 3346 ||| DROPPING potion of invisibility.
  3417 | D:3      | 3417 ||| Stepping randomly (stuck).
  3438 | D:3      | Found a hide-covered altar of Uskayaw.
  3439 | D:3      | 3439 ||| Stepping randomly (stuck).
  3511 | D:5      | Entered Level 5 of the Dungeon
  3602 | D:5      | Noticed an ogre
  3611 | D:5      | Killed an ogre
  3612 | D:5      | Reached skill level 3 in Dodging
  3612 | D:5      | Reached XP level 6. HP: 35/35 MP: 10/10
  3695 | D:5      | 3695 ||| Stepping ~*~*~tactically~*~*~ (stealth).
  3700 | D:5      | 3700 ||| Stepping ~*~*~tactically~*~*~ (stealth).
  3722 | D:5      | Noticed Pikel
  3723 | D:5      | 3723 ||| Stepping ~*~*~tactically~*~*~ (stealth).
  3736 | D:5      | 3736 ||| FLEEEEING.
  3739 | D:5      | 3739 ||| STAIRDANCE
  3743 | D:4      | 3743 ||| READING scroll labelled TUPLOABEED.
  3760 | D:5      | Reached skill level 7 in Axes
  3803 | D:5      | Found a staircase to the Ecumenical Temple.
  3804 | D:5      | 3804 ||| PLANNING TEMPLE
  3813 | D:5      | HP: 8/36 [gnoll sergeant/+0 spear (8)]
  3814 | D:5      | Slain by a gnoll

Levels and vault maps discovered:
D:1:      eino_arrival_druids_welcome, layout_basic,
          hellmonk_ecumenical_altar_leap_of_faith
D:2:      layout_basic, grunt_ministairs_9
D:3:      layout_loops_ring, nicolae_overflow_hidden_temple,
          minmay_misc_feat_enclosed
D:4:      layout_basic
D:5:      layout_basic, minmay_temple_entry_offerings, uniq_pikel

Skill      XL: |  1  2  3  4  5  6 |
---------------+-------------------+-----
Axes           | 3 4 5 6 7 |  7.0
Dodging        | 3 |  3.6
Fighting       | |  2.5
Throwing       | |  1.0
Armour         | |  1.1
Spellcasting   | |  2.0
Translocations | |  2.4

Action                   |  1- 3 |  4- 6 || total
-------------------------+-------+-------++-------
Melee: Hand axe          |    89 |   111 ||   200
       Kick              |    19 |    37 ||    56
       Peck              |    13 |    27 ||    40
       Punch             |       |     2 ||     2
Throw: Boomerang         |     7 |    34 ||    41
  Use: Scroll            |     4 |     3 ||     7
       Potion            |       |     3 ||     3
Armor: Leather armour    |     8 |     9 ||    17
       Scale mail        |    15 |       ||    15
       Ring mail         |     3 |     8 ||    11
Dodge: Dodged            |    40 |    85 ||   125

Table legend:
 A = Non-vault XP
 B = Vault XP
 C = Vault XP percentage of total XP
 D = Non-vault monster count
 E = Vault monster count
 F = Vault count percentage of total count
                 A         B        C        D         E       F
            +---------+---------+-------+---------+---------+-------
      Total |     595 |       4 |   0.7 |      59 |       2 |   3.3
            +---------+---------+-------+---------+---------+-------
        D:1 |      28 |       0 |   0.0 |      18 |       0 |   0.0
        D:2 |      23 |       4 |  14.8 |      14 |       2 |  12.5
        D:3 |      47 |       0 |   0.0 |      12 |       0 |   0.0
        D:4 |     191 |       0 |   0.0 |       7 |       0 |   0.0
        D:5 |     306 |       0 |   0.0 |       8 |       0 |   0.0
            +---------+---------+-------+---------+---------+-------
